Predators vs Jets

Created - 1 avril 2024 at 09:07

Goals
1 2 3 OT1 T
Predators 0 0 1 1 2
Jets 1 0 0 0 1
Shots
1 2 3 OT1 T
Predators 13 9 11 3 36
Jets 16 8 9 8 41

GoalsPenalties
1st period
1. Jets , Anze Kopitar 1 (Lawson Crouse 1, Dougie Hamilton 1) at 6:08
Blake Lizotte (NAS) for Roughing (Minor) at 2:10
Adam Larsson (WPG) for Holding (Minor) at 7:03
2nd period
No Goal
Luke Glendening (NAS) for Tripping (Minor) at 2:24
Adam Larsson (WPG) for Tripping (Minor) at 14:05
3rd period
2. Predators , Timothy Liljegren 1 (Cole Caufield 1, Steven Stamkos 1) at 5:06
Josh Brown (WPG) for Tripping (Minor) at 9:55
Jaden Schwartz (NAS) for High sticking (Minor) at 14:33
Overtime #1
3. Predators , Claude Giroux 1 (Blake Lizotte 1, Nicolas Hague 1) at 14:56
Steven Stamkos (NAS) for Unsportsmanlike conduct (Minor) at 0:17
Erik Gustafsson (NAS) for Hooking (Minor) at 12:49
Goalie Stats
Carter Hart (NAS), 40 saves from 41 shots - (0,976), W, 1-0-0, 74:56 minutes
Tristan Jarry (WPG), 34 saves from 36 shots - (0,944), OTL, 0-0-1, 74:56 minutes
3 StarsOfficial
1 - Carter Hart (NAS)
2 - Timothy Liljegren (NAS)
3 - Claude Giroux (NAS)
Referees : Shauna Neary and MacKenzie Welter
Linesman : Libor Suchanek and Mitchell Hunt
Game Note
No Game Note
Finance
Level 1 -- Attendance: 6000 (100%) -- Ticket Income $480,000
Level 2 -- Attendance: 4452 (89%) -- Ticket Income $267,120
Level 3 -- Attendance: 2545 (100%) -- Ticket Income $89,075
Level 4 -- Attendance: 3223 (81%) -- Ticket Income $64,460
Luxury Box -- Attendance: 1000 (100%) -- Ticket Income $200,000
Game was played at the MTS Centre.
Total Attendance: 17220 (93%)
Total Ticket Income: $1,100,655
Other Income: $330,196
Total Income: $1,430,851



Team Name Goals Shots Shots Attemp Shots Blocked PIM HIT PP PK FO%
Predators 23677710280 / 3 (0%)047%
Jets 14164206180 / 5 (0%)053%

Predators
Player Name POS G A P +/- PIM HIT SHT SB MP PP MP PP SHT PK MP PK SHT FO% FOT GA TA
Adam BoqvistD0000000017:532:0000:0000% 001
Adam ErneLW/RW0000045018:080:0002:5600% 010
Blake LizotteC0110221022:102:3904:37050% 1610
Calvin de HaanD0000021018:070:0003:3500% 002
Claude GirouxC/RW1011014129:083:1804:21054% 3700
Cole CaufieldLW/RW0111001224:493:1800:0000% 210
Erik GustafssonD0000200027:063:5700:0000% 000
J.J. PeterkaLW/RW000002206:440:0000:0000% 000
Jaden SchwartzLW0000224020:402:3902:1600% 001
Keegan KolesarRW0000012014:520:0000:0000% 000
Luke GlendeningC/LW/RW0000220119:330:0004:26042% 1230
Mason McTavishC/LW000001407:370:0000:2000% 100
Nicolas HagueD0111011124:070:0003:3500% 002
Pat MaroonLW/RW000001206:530:0000:0600% 000
Phil KesselRW0000011017:482:3900:0000% 000
Ryan McDonaghD0000001233:283:5706:2000% 010
Steven StamkosC/LW0111224026:233:1800:4800% 202
Timothy LiljegrenD1011063029:142:0006:2000% 003
Jets
Player Name POS G A P +/- PIM HIT SHT SB MP PP MP PP SHT PK MP PK SHT FO% FOT GA TA
Adam LarssonD0000434332:096:3111:1000% 002
Anze KopitarC1011017227:505:5523:17159% 3720
Colin MillerD0000001114:230:0002:1800% 000
Connor DewarC/LW0000011015:530:0001:22033% 300
Dougie HamiltonD0110011130:266:3100:0000% 003
Josh BrownD0000211213:340:0001:3300% 000
Kaapo KakkoRW0000003413:430:0000:0000% 110
Kevin FialaLW/RW0000012021:294:0000:00050% 210
Kirill KaprizovLW0001035324:195:4720:0000% 021
Lawson CrouseLW/RW0111031024:125:5510:4000% 000
Mark ScheifeleC0000023023:034:0001:34043% 2110
Max ComtoisLW000-201108:260:0000:00033% 300
Nate SchmidtD000-1001229:303:2403:1400% 000
Nick FolignoC/LW/RW000-2002013:120:0003:1300% 010
Samuel GirardD000-1011130:073:2403:3900% 011
Tomas TatarLW/RW0000001021:294:0000:000100% 200
Trent FredericLW/RW000-200008:260:0000:0000% 020
Tyler BertuzziLW/RW0000006116:290:0801:480100% 100

Predators

5 vs 5 Forward
Line #Left WingCenterRight WingPHYDFOFWanted %Time %Time Play
1Steven StamkosClaude GirouxCole Caufield1224238%22:19
2Jaden SchwartzBlake LizottePhil Kessel1223226%15:39
3Adam ErneLuke GlendeningKeegan Kolesar1222424%14:22
4J.J. PeterkaMason McTavishPat Maroon122211%6:44
5 vs 5 Defense
Line #DefenseDefensePHYDFOFWanted %Time %Time Play
1Ryan McDonaghErik Gustafsson1224040%23:53
2Timothy LiljegrenNicolas Hague1224037%22:01
3Adam BoqvistCalvin de Haan1222022%13:10
4Ryan McDonaghTimothy Liljegren12200%0:00
Power Play Forward
Line #Left WingCenterRight WingPHYDFOFWanted %Time %Time Play
1Steven StamkosClaude GirouxCole Caufield0147055%3:18
2Jaden SchwartzBlake LizottePhil Kessel0143045%2:39
Power Play Defense
Line #DefenseDefensePHYDFOFWanted %Time %Time Play
1Erik GustafssonRyan McDonagh1137066%3:57
2Adam BoqvistTimothy Liljegren1133034%2:00
Penalty Kill 4 Players Forward
Line #CenterWingPHYDFOFWanted %Time %Time Play
1Luke GlendeningBlake Lizotte1406078%7:45
2Claude GirouxAdam Erne1404022%2:10
Penalty Kill 4 Players Defense
Line #DefenseDefensePHYDFOFWanted %Time %Time Play
1Timothy LiljegrenRyan McDonagh1406564%6:20
2Nicolas HagueCalvin de Haan1403536%3:35
Penalty Kill 3 Players
Line #WingPHYDFOFWanted %Time %Time PlayDefenseDefensePHYDFOFWanted %Time %Time Play
1Luke Glendening140600%0:00 Timothy LiljegrenRyan McDonagh140650%0:00
2Claude Giroux140400%0:00 Nicolas HagueCalvin de Haan140350%0:00
4 vs 4 Forward
Line #CenterWingPHYDFOFWanted %Time %Time Play
1Steven StamkosCole Caufield122500%0:00
2Claude GirouxJaden Schwartz122500%0:00
4 vs 4 Defense
Line #DefensePHYDFOFWanted %Time %Time Play
1Erik GustafssonRyan McDonagh122500%0:00
2Nicolas HagueTimothy Liljegren122500%0:00
Last Minutes Offensive
Left WingCenterRight WingDefenseDefense
Steven StamkosClaude GirouxCole CaufieldErik GustafssonAdam Boqvist
Last Minutes Defensive
Left WingCenterRight WingDefenseDefense
Blake LizotteLuke GlendeningKeegan KolesarTimothy LiljegrenNicolas Hague
Time
Total ForwardTotal DefenseLast Minutes OffensiveLast Minutes Defensive
74:56 74:56 0:000:00
Extra Forwards
Normal PowerPlayPenalty Kill
Steven Stamkos, Claude Giroux, Cole CaufieldSteven Stamkos, Claude GirouxLuke Glendening
Extra Defensemen
Normal PowerPlayPenalty Kill
Ryan McDonagh, Timothy Liljegren, Erik GustafssonErik Gustafsson, Ryan McDonaghTimothy Liljegren
Penalty Shots
Steven Stamkos, Claude Giroux, Cole Caufield, Jaden Schwartz, Blake Lizotte
Goalie
Carter Hart, Jonathan Quick
Scratches
None

Jets

5 vs 5 Forward
Line #Left WingCenterRight WingPHYDFOFWanted %Time %Time Play
1Kirill KaprizovAnze KopitarLawson Crouse1224033%19:16
2Kevin FialaMark ScheifeleTomas Tatar1223830%17:39
3Tyler BertuzziConnor DewarKaapo Kakko1311623%13:43
4Trent FredericMax ComtoisNick Foligno140614%8:26
5 vs 5 Defense
Line #DefenseDefensePHYDFOFWanted %Time %Time Play
1Dougie HamiltonAdam Larsson1224038%22:28
2Samuel GirardNate Schmidt1313439%22:59
3Colin MillerJosh Brown2301620%11:47
4Dougie HamiltonAdam Larsson023103%1:50
Power Play Forward
Line #Left WingCenterRight WingPHYDFOFWanted %Time %Time Play
1Kirill KaprizovAnze KopitarLawson Crouse0056560%5:55
2Kevin FialaMark ScheifeleTomas Tatar0053540%4:00
Power Play Defense
Line #DefenseDefensePHYDFOFWanted %Time %Time Play
1Dougie HamiltonAdam Larsson0057066%6:31
2Nate SchmidtSamuel Girard0053034%3:24
Penalty Kill 4 Players Forward
Line #CenterWingPHYDFOFWanted %Time %Time Play
1Anze KopitarNick Foligno0506589%5:17
2Connor DewarLawson Crouse0503511%0:40
Penalty Kill 4 Players Defense
Line #DefenseDefensePHYDFOFWanted %Time %Time Play
1Samuel GirardAdam Larsson0506586%5:08
2Colin MillerNate Schmidt0503514%0:49
Penalty Kill 3 Players
Line #WingPHYDFOFWanted %Time %Time PlayDefenseDefensePHYDFOFWanted %Time %Time Play
1Anze Kopitar050600%0:00 Samuel GirardAdam Larsson050600%0:00
2Mark Scheifele050400%0:00 Colin MillerNate Schmidt050400%0:00
4 vs 4 Forward
Line #CenterWingPHYDFOFWanted %Time %Time Play
1Anze KopitarKirill Kaprizov113600%0:00
2Mark ScheifeleKevin Fiala113400%0:00
4 vs 4 Defense
Line #DefensePHYDFOFWanted %Time %Time Play
1Dougie HamiltonAdam Larsson113600%0:00
2Samuel GirardNate Schmidt113400%0:00
Last Minutes Offensive
Left WingCenterRight WingDefenseDefense
Kirill KaprizovAnze KopitarLawson CrouseDougie HamiltonAdam Larsson
Last Minutes Defensive
Left WingCenterRight WingDefenseDefense
Connor DewarAnze KopitarNick FolignoSamuel GirardAdam Larsson
Time
Total ForwardTotal DefenseLast Minutes OffensiveLast Minutes Defensive
74:56 74:56 0:000:00
Extra Forwards
Normal PowerPlayPenalty Kill
Kirill Kaprizov, Kevin Fiala, Mark ScheifeleMark Scheifele, Kirill KaprizovMark Scheifele
Extra Defensemen
Normal PowerPlayPenalty Kill
Dougie Hamilton, Adam Larsson, Samuel GirardDougie Hamilton, Adam LarssonSamuel Girard
Penalty Shots
Kirill Kaprizov, Mark Scheifele, Kevin Fiala, Anze Kopitar, Dougie Hamilton
Goalie
Tristan Jarry, Connor Ingram
Scratches
Connor Mackey (Healthy)


Play-by-Play

1st period


0:01 of 1st period - Claude Giroux wins face-off versus Anze Kopitar in neutral zone.
0:06 of 1st period - Wrist shot by Claude Giroux.
0:06 of 1st period - Shot Misses the Net.
0:14 of 1st period - Erik Gustafsson is hit by Lawson Crouse and loses puck.
0:27 of 1st period - Tomas Tatar is hit by Jaden Schwartz and loses puck.
1:41 of 1st period - Wrist shot by Steven Stamkos.
1:41 of 1st period - Shot Blocked by Josh Brown.
1:43 of 1st period - Wrist shot by Claude Giroux.
1:43 of 1st period - Shot Misses the Net.
1:45 of 1st period - Slapshot by Timothy Liljegren.
1:45 of 1st period - Shot Misses the Net.
1:47 of 1st period - Snap shot by Steven Stamkos.
1:47 of 1st period - Stopped by Tristan Jarry without a rebound.
1:48 of 1st period - Blake Lizotte wins face-off versus Mark Scheifele in Jets zone.
1:55 of 1st period - Slapshot by Jaden Schwartz.
1:55 of 1st period - Stopped by Tristan Jarry with a rebound.
2:10 of 1st period - Minor Penalty to Blake Lizotte for Roughing.
2:11 of 1st period - Anze Kopitar wins face-off versus Luke Glendening in Predators zone.
2:12 of 1st period - Slapshot by Kirill Kaprizov.
2:12 of 1st period - Shot Misses the Net.
4:10 of 1st period - Penalty to Blake Lizotte is over, Blake Lizotte is back on ice.
4:22 of 1st period - Slapshot by Mason McTavish.
4:22 of 1st period - Shot Misses the Net.
4:24 of 1st period - Slapshot by Calvin de Haan.
4:24 of 1st period - Stopped by Tristan Jarry without a rebound.
4:25 of 1st period - Claude Giroux wins face-off versus Max Comtois in Jets zone.
4:36 of 1st period - Wrist shot by Claude Giroux.
4:36 of 1st period - Stopped by Tristan Jarry with a rebound.
4:46 of 1st period - Snap shot by Kaapo Kakko.
4:46 of 1st period - Shot Blocked by Ryan McDonagh.
4:48 of 1st period - Snap shot by Nate Schmidt.
4:48 of 1st period - Shot Misses the Net.
4:50 of 1st period - Slapshot by Colin Miller.
4:50 of 1st period - Deflect By Blake Lizotte.
4:50 of 1st period - Stopped by Carter Hart without a rebound.
4:51 of 1st period - Luke Glendening wins face-off versus Kaapo Kakko in Predators zone.
5:18 of 1st period - Snap shot by Tyler Bertuzzi.
5:18 of 1st period - Stopped by Carter Hart with a rebound.
5:20 of 1st period - Snap shot by Kaapo Kakko.
5:20 of 1st period - Shot Misses the Net.
5:22 of 1st period - Backhand shot by Josh Brown.
5:22 of 1st period - Stopped by Carter Hart without a rebound.
5:23 of 1st period - Anze Kopitar wins face-off versus Claude Giroux in Predators zone.
5:30 of 1st period - Slapshot by Steven Stamkos.
5:30 of 1st period - Stopped by Tristan Jarry with a rebound.
5:38 of 1st period - Slapshot by Claude Giroux.
5:38 of 1st period - Stopped by Tristan Jarry with a rebound.
5:40 of 1st period - Snap shot by Claude Giroux.
5:40 of 1st period - Shot Blocked by Anze Kopitar.
6:08 of 1st period - Backhand shot by Anze Kopitar.
6:08 of 1st period - Goal by Anze Kopitar - Predators : 0 - Jets : 1.
6:09 of 1st period - Kevin Fiala wins face-off versus Blake Lizotte in neutral zone.
6:21 of 1st period - Kevin Fiala is hit by Timothy Liljegren and loses puck.
7:03 of 1st period - Minor Penalty to Adam Larsson for Holding.
7:04 of 1st period - Claude Giroux wins face-off versus Anze Kopitar in Jets zone.
7:05 of 1st period - Wrist shot by Steven Stamkos.
7:05 of 1st period - Shot Misses the Net.
7:07 of 1st period - Slapshot by Ryan McDonagh.
7:07 of 1st period - Deflect By Steven Stamkos.
7:07 of 1st period - Shot Blocked by Anze Kopitar.
7:07 of 1st period - Puck is out of play.
7:08 of 1st period - Anze Kopitar wins face-off versus Claude Giroux in Jets zone.
8:05 of 1st period - Nate Schmidt is hit by Timothy Liljegren and loses puck.
9:03 of 1st period - Penalty to Adam Larsson is over, Adam Larsson is back on ice.
9:15 of 1st period - Slapshot by Adam Larsson.
9:15 of 1st period - Stopped by Carter Hart without a rebound.
9:16 of 1st period - Luke Glendening wins face-off versus Mark Scheifele in Predators zone.
9:51 of 1st period - Wrist shot by Mason McTavish.
9:51 of 1st period - Shot Blocked by Adam Larsson.
9:53 of 1st period - Slapshot by Adam Boqvist.
9:53 of 1st period - Shot Misses the Net.
9:55 of 1st period - Slapshot by Mason McTavish.
9:55 of 1st period - Stopped by Tristan Jarry with a rebound.
9:57 of 1st period - Slapshot by Adam Boqvist.
9:57 of 1st period - Shot Blocked by Tyler Bertuzzi.
10:07 of 1st period - Snap shot by Adam Larsson.
10:07 of 1st period - Deflect By Jaden Schwartz.
10:07 of 1st period - Stopped by Carter Hart without a rebound.
10:08 of 1st period - Blake Lizotte wins face-off versus Anze Kopitar in Predators zone.
10:08 of 1st period - Blake Lizotte is hit by Lawson Crouse.
10:18 of 1st period - Wrist shot by Jaden Schwartz.
10:18 of 1st period - Shot Blocked by Kirill Kaprizov.
10:24 of 1st period - Snap shot by Anze Kopitar.
10:24 of 1st period - Stopped by Carter Hart with a rebound.
10:56 of 1st period - Josh Brown is hit by Adam Erne and loses puck.
11:01 of 1st period - Slapshot by Keegan Kolesar.
11:01 of 1st period - Shot Blocked by Kaapo Kakko.
11:03 of 1st period - Snap shot by Luke Glendening.
11:03 of 1st period - Shot Misses the Net.
11:05 of 1st period - Slapshot by Adam Erne.
11:05 of 1st period - Stopped by Tristan Jarry without a rebound.
11:06 of 1st period - Mark Scheifele wins face-off versus Claude Giroux in Jets zone.
12:05 of 1st period - Snap shot by Keegan Kolesar.
12:05 of 1st period - Shot Misses the Net.
12:07 of 1st period - Snap shot by Adam Erne.
12:07 of 1st period - Stopped by Tristan Jarry with a rebound.
12:26 of 1st period - Icing by Calvin de Haan.
12:27 of 1st period - Anze Kopitar wins face-off versus Claude Giroux in Predators zone.
12:32 of 1st period - Snap shot by Lawson Crouse.
12:32 of 1st period - Deflect By Kirill Kaprizov.
12:32 of 1st period - Shot Blocked by Cole Caufield.
12:32 of 1st period - Puck is out of play.
12:33 of 1st period - Claude Giroux wins face-off versus Anze Kopitar in Predators zone.
12:48 of 1st period - Wrist shot by Anze Kopitar.
12:48 of 1st period - Shot Blocked by Claude Giroux.
13:00 of 1st period - Nicolas Hague is hit by Mark Scheifele and loses puck.
13:35 of 1st period - Slapshot by Kaapo Kakko.
13:35 of 1st period - Deflect By Tyler Bertuzzi.
13:35 of 1st period - Stopped by Carter Hart with a rebound.
14:05 of 1st period - Snap shot by Jaden Schwartz.
14:05 of 1st period - Deflect By Adam Larsson.
14:05 of 1st period - Stopped by Tristan Jarry with a rebound.
14:07 of 1st period - Slapshot by Ryan McDonagh.
14:07 of 1st period - Stopped by Tristan Jarry without a rebound.
14:08 of 1st period - Blake Lizotte wins face-off versus Mark Scheifele in Jets zone.
14:17 of 1st period - Snap shot by Phil Kessel.
14:17 of 1st period - Deflect By Jaden Schwartz.
14:17 of 1st period - Shot Misses the Net.
14:17 of 1st period - Puck is out of play.
14:18 of 1st period - Claude Giroux wins face-off versus Mark Scheifele in Jets zone.
14:33 of 1st period - Snap shot by Mark Scheifele.
14:33 of 1st period - Shot Misses the Net.
14:35 of 1st period - Slapshot by Nate Schmidt.
14:35 of 1st period - Stopped by Carter Hart with a rebound.
14:37 of 1st period - Snap shot by Samuel Girard.
14:37 of 1st period - Stopped by Carter Hart without a rebound.
14:38 of 1st period - Blake Lizotte wins face-off versus Anze Kopitar in Predators zone.
14:43 of 1st period - Wrist shot by Phil Kessel.
14:43 of 1st period - Shot Blocked by Dougie Hamilton.
14:49 of 1st period - Jaden Schwartz is hit by Dougie Hamilton and loses puck.
15:31 of 1st period - Slapshot by Adam Erne.
15:31 of 1st period - Stopped by Tristan Jarry without a rebound.
15:32 of 1st period - Blake Lizotte wins face-off versus Anze Kopitar in Jets zone.
15:33 of 1st period - Snap shot by Jaden Schwartz.
15:33 of 1st period - Shot Blocked by Kirill Kaprizov.
16:10 of 1st period - Wrist shot by Kevin Fiala.
16:10 of 1st period - Stopped by Carter Hart without a rebound.
16:11 of 1st period - Mark Scheifele wins face-off versus Blake Lizotte in Predators zone.
16:36 of 1st period - Erik Gustafsson is hit by Kirill Kaprizov and loses puck.
17:05 of 1st period - Wrist shot by Kaapo Kakko.
17:05 of 1st period - Stopped by Carter Hart without a rebound.
17:06 of 1st period - Mark Scheifele wins face-off versus Blake Lizotte in Predators zone.
17:17 of 1st period - Wrist shot by Mark Scheifele.
17:17 of 1st period - Stopped by Carter Hart with a rebound.
17:58 of 1st period - Connor Dewar is hit by Luke Glendening and loses puck.
18:07 of 1st period - Wrist shot by Kaapo Kakko.
18:07 of 1st period - Stopped by Carter Hart with a rebound.
18:23 of 1st period - Slapshot by Nick Foligno.
18:23 of 1st period - Deflect By Max Comtois.
18:23 of 1st period - Stopped by Carter Hart without a rebound.
18:24 of 1st period - Claude Giroux wins face-off versus Max Comtois in Predators zone.
18:24 of 1st period - Claude Giroux is hit by Max Comtois.
18:32 of 1st period - Wrist shot by Nick Foligno.
18:32 of 1st period - Shot Misses the Net.
19:40 of 1st period - Snap shot by Anze Kopitar.
19:40 of 1st period - Stopped by Carter Hart without a rebound.
19:41 of 1st period - Claude Giroux wins face-off versus Anze Kopitar in Predators zone.
19:54 of 1st period - Snap shot by Claude Giroux.
19:54 of 1st period - Shot Blocked by Kirill Kaprizov.
19:56 of 1st period - Wrist shot by Steven Stamkos.
19:56 of 1st period - Stopped by Tristan Jarry without a rebound.
19:57 of 1st period - Mark Scheifele wins face-off versus Blake Lizotte in Jets zone.
Goals for this period are 0 for Predators vs 1 for Jets.
Shots for this period are 13 for Predators vs 16 for Jets.

2nd period


0:01 of 2nd period - Claude Giroux wins face-off versus Mark Scheifele in neutral zone.
0:57 of 2nd period - Slapshot by Timothy Liljegren.
0:57 of 2nd period - Stopped by Tristan Jarry with a rebound.
1:11 of 2nd period - Snap shot by Trent Frederic.
1:11 of 2nd period - Shot Misses the Net.
1:57 of 2nd period - Snap shot by Kirill Kaprizov.
1:57 of 2nd period - Stopped by Carter Hart with a rebound.
2:24 of 2nd period - Minor Penalty to Luke Glendening for Tripping.
2:25 of 2nd period - Anze Kopitar wins face-off versus Claude Giroux in Predators zone.
2:33 of 2nd period - Snap shot by Anze Kopitar.
2:33 of 2nd period - Stopped by Carter Hart with a rebound.
2:35 of 2nd period - Slapshot by Anze Kopitar.
2:35 of 2nd period - Shot Blocked by Ryan McDonagh.
2:37 of 2nd period - Wrist shot by Kirill Kaprizov.
2:37 of 2nd period - Stopped by Carter Hart with a rebound.
2:39 of 2nd period - Slapshot by Dougie Hamilton.
2:39 of 2nd period - Shot Misses the Net.
2:41 of 2nd period - Snap shot by Anze Kopitar.
2:41 of 2nd period - Stopped by Carter Hart without a rebound.
2:42 of 2nd period - Anze Kopitar wins face-off versus Claude Giroux in Predators zone.
2:56 of 2nd period - Claude Giroux is hit by Kirill Kaprizov and loses puck.
3:24 of 2nd period - Lawson Crouse is hit by Calvin de Haan and loses puck.
3:31 of 2nd period - Lawson Crouse is hit by Steven Stamkos and loses puck.
3:50 of 2nd period - Blake Lizotte is hit by Adam Larsson.
4:22 of 2nd period - Kirill Kaprizov is hit by Timothy Liljegren and loses puck.
4:24 of 2nd period - Penalty to Luke Glendening is over, Luke Glendening is back on ice.
5:16 of 2nd period - Icing by Claude Giroux.
5:17 of 2nd period - Claude Giroux wins face-off versus Kevin Fiala in Predators zone.
5:43 of 2nd period - Wrist shot by Blake Lizotte.
5:43 of 2nd period - Shot Blocked by Kaapo Kakko.
5:45 of 2nd period - Snap shot by Jaden Schwartz.
5:45 of 2nd period - Shot Misses the Net.
5:49 of 2nd period - Wrist shot by Blake Lizotte.
5:49 of 2nd period - Stopped by Tristan Jarry without a rebound.
5:50 of 2nd period - Luke Glendening wins face-off versus Mark Scheifele in Jets zone.
6:01 of 2nd period - Wrist shot by Adam Erne.
6:01 of 2nd period - Stopped by Tristan Jarry without a rebound.
6:02 of 2nd period - Anze Kopitar wins face-off versus Claude Giroux in Jets zone.
6:07 of 2nd period - Wrist shot by Claude Giroux.
6:07 of 2nd period - Stopped by Tristan Jarry without a rebound.
6:08 of 2nd period - Anze Kopitar wins face-off versus Claude Giroux in Jets zone.
6:54 of 2nd period - Off-side.
6:55 of 2nd period - Blake Lizotte wins face-off versus Mark Scheifele in neutral zone.
7:22 of 2nd period - Kaapo Kakko is hit by Timothy Liljegren and loses puck.
9:39 of 2nd period - Snap shot by Claude Giroux.
9:39 of 2nd period - Shot Blocked by Nate Schmidt.
9:45 of 2nd period - Calvin de Haan is hit by Samuel Girard.
10:14 of 2nd period - Wrist shot by Kirill Kaprizov.
10:14 of 2nd period - Shot Misses the Net.
10:24 of 2nd period - Wrist shot by Kirill Kaprizov.
10:24 of 2nd period - Deflect By Anze Kopitar.
10:24 of 2nd period - Stopped by Carter Hart without a rebound.
10:25 of 2nd period - Mark Scheifele wins face-off versus Blake Lizotte in Predators zone.
11:18 of 2nd period - Colin Miller is hit by Pat Maroon and loses puck.
11:23 of 2nd period - Slapshot by Timothy Liljegren.
11:23 of 2nd period - Stopped by Tristan Jarry with a rebound.
11:25 of 2nd period - Slapshot by Nicolas Hague.
11:25 of 2nd period - Stopped by Tristan Jarry with a rebound.
12:27 of 2nd period - Off-side.
12:28 of 2nd period - Max Comtois wins face-off versus Mason McTavish in neutral zone.
12:31 of 2nd period - Snap shot by Nick Foligno.
12:31 of 2nd period - Shot Misses the Net.
12:33 of 2nd period - Snap shot by Nick Foligno.
12:33 of 2nd period - Stopped by Carter Hart without a rebound.
12:34 of 2nd period - Claude Giroux wins face-off versus Mark Scheifele in Predators zone.
13:00 of 2nd period - Kevin Fiala is hit by Adam Erne and loses puck.
13:12 of 2nd period - Nate Schmidt is hit by Adam Erne.
13:44 of 2nd period - Backhand shot by Tomas Tatar.
13:44 of 2nd period - Stopped by Carter Hart without a rebound.
13:45 of 2nd period - Blake Lizotte wins face-off versus Anze Kopitar in Predators zone.
13:45 of 2nd period - Blake Lizotte is hit by Kirill Kaprizov.
13:57 of 2nd period - Snap shot by Jaden Schwartz.
13:57 of 2nd period - Stopped by Tristan Jarry without a rebound.
13:58 of 2nd period - Claude Giroux wins face-off versus Anze Kopitar in Jets zone.
14:03 of 2nd period - Wrist shot by Steven Stamkos.
14:03 of 2nd period - Shot Blocked by Adam Larsson.
14:05 of 2nd period - Minor Penalty to Adam Larsson for Tripping.
14:06 of 2nd period - Anze Kopitar wins face-off versus Claude Giroux in Jets zone.
14:06 of 2nd period - Anze Kopitar is hit by Claude Giroux.
14:32 of 2nd period - Nate Schmidt is hit by Blake Lizotte.
14:56 of 2nd period - Samuel Girard is hit by Jaden Schwartz and loses puck.
16:05 of 2nd period - Penalty to Adam Larsson is over, Adam Larsson is back on ice.
16:20 of 2nd period - Anze Kopitar is hit by Luke Glendening and loses puck.
16:37 of 2nd period - Nicolas Hague is hit by Adam Larsson and loses puck.
16:45 of 2nd period - Icing by Adam Larsson.
16:46 of 2nd period - Anze Kopitar wins face-off versus Luke Glendening in Jets zone.
17:01 of 2nd period - Slapshot by Anze Kopitar.
17:01 of 2nd period - Deflect By Nick Foligno.
17:01 of 2nd period - Stopped by Carter Hart without a rebound.
17:02 of 2nd period - Claude Giroux wins face-off versus Mark Scheifele in Predators zone.
17:07 of 2nd period - Cole Caufield is hit by Kevin Fiala and loses puck.
17:34 of 2nd period - Slapshot by Keegan Kolesar.
17:34 of 2nd period - Stopped by Tristan Jarry without a rebound.
17:35 of 2nd period - Luke Glendening wins face-off versus Connor Dewar in Jets zone.
17:42 of 2nd period - Snap shot by Adam Erne.
17:42 of 2nd period - Stopped by Tristan Jarry with a rebound.
18:00 of 2nd period - Connor Dewar is hit by Keegan Kolesar and loses puck.
18:20 of 2nd period - Wrist shot by Connor Dewar.
18:20 of 2nd period - Deflect By Kaapo Kakko.
18:20 of 2nd period - Shot Misses the Net.
18:20 of 2nd period - Puck is out of play.
18:21 of 2nd period - Mark Scheifele wins face-off versus Claude Giroux in Predators zone.
19:09 of 2nd period - Samuel Girard is hit by Calvin de Haan and loses puck.
19:51 of 2nd period - Wrist shot by Adam Erne.
19:51 of 2nd period - Shot Misses the Net.
Goals for this period are 0 for Predators vs 0 for Jets.
Shots for this period are 9 for Predators vs 8 for Jets.

3rd period


0:01 of 3rd period - Anze Kopitar wins face-off versus Steven Stamkos in neutral zone.
0:34 of 3rd period - Backhand shot by Phil Kessel.
0:34 of 3rd period - Stopped by Tristan Jarry with a rebound.
0:36 of 3rd period - Slapshot by Nicolas Hague.
0:36 of 3rd period - Shot Misses the Net.
0:38 of 3rd period - Snap shot by Jaden Schwartz.
0:38 of 3rd period - Shot Blocked by Adam Larsson.
0:50 of 3rd period - Wrist shot by Tyler Bertuzzi.
0:50 of 3rd period - Stopped by Carter Hart without a rebound.
0:51 of 3rd period - Tyler Bertuzzi wins face-off versus Luke Glendening in Predators zone.
1:08 of 3rd period - Snap shot by Adam Erne.
1:08 of 3rd period - Shot Blocked by Kaapo Kakko.
1:10 of 3rd period - Wrist shot by Adam Erne.
1:10 of 3rd period - Shot Blocked by Nate Schmidt.
1:12 of 3rd period - Wrist shot by Adam Erne.
1:12 of 3rd period - Shot Misses the Net.
1:14 of 3rd period - Snap shot by Keegan Kolesar.
1:14 of 3rd period - Stopped by Tristan Jarry without a rebound.
1:15 of 3rd period - Anze Kopitar wins face-off versus Cole Caufield in Jets zone.
2:17 of 3rd period - Wrist shot by Trent Frederic.
2:17 of 3rd period - Shot Misses the Net.
2:19 of 3rd period - Slapshot by Nate Schmidt.
2:19 of 3rd period - Shot Misses the Net.
2:29 of 3rd period - Wrist shot by Kaapo Kakko.
2:29 of 3rd period - Stopped by Carter Hart without a rebound.
2:30 of 3rd period - Connor Dewar wins face-off versus Claude Giroux in Predators zone.
2:37 of 3rd period - Snap shot by Tyler Bertuzzi.
2:37 of 3rd period - Stopped by Carter Hart without a rebound.
2:38 of 3rd period - Anze Kopitar wins face-off versus Claude Giroux in Predators zone.
2:55 of 3rd period - Wrist shot by Kirill Kaprizov.
2:55 of 3rd period - Stopped by Carter Hart with a rebound.
3:05 of 3rd period - Wrist shot by Phil Kessel.
3:05 of 3rd period - Shot Misses the Net.
3:37 of 3rd period - Wrist shot by Luke Glendening.
3:37 of 3rd period - Shot Blocked by Kaapo Kakko.
3:47 of 3rd period - Wrist shot by Claude Giroux.
3:47 of 3rd period - Shot Misses the Net.
4:11 of 3rd period - Snap shot by Tyler Bertuzzi.
4:11 of 3rd period - Stopped by Carter Hart without a rebound.
4:12 of 3rd period - Anze Kopitar wins face-off versus Blake Lizotte in Predators zone.
5:02 of 3rd period - Wrist shot by Cole Caufield.
5:02 of 3rd period - Stopped by Tristan Jarry with a rebound.
5:04 of 3rd period - Wrist shot by Cole Caufield.
5:04 of 3rd period - Shot Misses the Net.
5:06 of 3rd period - Slapshot by Timothy Liljegren.
5:06 of 3rd period - Goal by Timothy Liljegren - Predators : 1 - Jets : 1.
5:07 of 3rd period - Claude Giroux wins face-off versus Anze Kopitar in neutral zone.
5:12 of 3rd period - Slapshot by Steven Stamkos.
5:12 of 3rd period - Stopped by Tristan Jarry with a rebound.
6:06 of 3rd period - Snap shot by Mason McTavish.
6:06 of 3rd period - Shot Misses the Net.
7:27 of 3rd period - Snap shot by Erik Gustafsson.
7:27 of 3rd period - Shot Misses the Net.
8:01 of 3rd period - Erik Gustafsson is hit by Anze Kopitar and loses puck.
8:28 of 3rd period - Adam Larsson is hit by Adam Erne and loses puck.
8:39 of 3rd period - Calvin de Haan is hit by Mark Scheifele and loses puck.
8:48 of 3rd period - Snap shot by Mark Scheifele.
8:48 of 3rd period - Stopped by Carter Hart without a rebound.
8:49 of 3rd period - Tomas Tatar wins face-off versus Claude Giroux in Predators zone.
9:04 of 3rd period - Snap shot by Claude Giroux.
9:04 of 3rd period - Shot Blocked by Josh Brown.
9:06 of 3rd period - Slapshot by Claude Giroux.
9:06 of 3rd period - Shot Misses the Net.
9:55 of 3rd period - Minor Penalty to Josh Brown for Tripping.
9:56 of 3rd period - Anze Kopitar wins face-off versus Claude Giroux in Jets zone.
10:23 of 3rd period - Adam Larsson is hit by Phil Kessel and loses puck.
10:46 of 3rd period - Backhand shot by Anze Kopitar.
10:46 of 3rd period - Stopped by Carter Hart without a rebound.
10:47 of 3rd period - Claude Giroux wins face-off versus Connor Dewar in Predators zone.
11:55 of 3rd period - Penalty to Josh Brown is over, Josh Brown is back on ice.
12:24 of 3rd period - Wrist shot by Mason McTavish.
12:24 of 3rd period - Deflect By Pat Maroon.
12:24 of 3rd period - Stopped by Tristan Jarry with a rebound.
12:26 of 3rd period - Backhand shot by Mason McTavish.
12:26 of 3rd period - Stopped by Tristan Jarry with a rebound.
12:28 of 3rd period - Slapshot by Mason McTavish.
12:28 of 3rd period - Stopped by Tristan Jarry with a rebound.
12:30 of 3rd period - Snap shot by J.J. Peterka.
12:30 of 3rd period - Stopped by Tristan Jarry without a rebound.
12:31 of 3rd period - Mark Scheifele wins face-off versus Blake Lizotte in Jets zone.
12:54 of 3rd period - Connor Dewar is hit by Timothy Liljegren and loses puck.
13:07 of 3rd period - Tyler Bertuzzi is hit by Steven Stamkos and loses puck.
14:03 of 3rd period - Erik Gustafsson is hit by Lawson Crouse and loses puck.
14:20 of 3rd period - Slapshot by Mason McTavish.
14:20 of 3rd period - Stopped by Tristan Jarry with a rebound.
14:22 of 3rd period - Snap shot by Pat Maroon.
14:22 of 3rd period - Stopped by Tristan Jarry without a rebound.
14:23 of 3rd period - Mark Scheifele wins face-off versus Blake Lizotte in Jets zone.
14:30 of 3rd period - Snap shot by Kevin Fiala.
14:30 of 3rd period - Stopped by Carter Hart without a rebound.
14:31 of 3rd period - Blake Lizotte wins face-off versus Mark Scheifele in Predators zone.
14:33 of 3rd period - Minor Penalty to Jaden Schwartz for High sticking.
14:34 of 3rd period - Anze Kopitar wins face-off versus Luke Glendening in Predators zone.
14:36 of 3rd period - Snap shot by Kirill Kaprizov.
14:36 of 3rd period - Shot Misses the Net.
14:45 of 3rd period - Off-side.
14:46 of 3rd period - Anze Kopitar wins face-off versus Luke Glendening in neutral zone.
16:21 of 3rd period - Nate Schmidt is hit by Timothy Liljegren and loses puck.
16:33 of 3rd period - Penalty to Jaden Schwartz is over, Jaden Schwartz is back on ice.
17:10 of 3rd period - Nate Schmidt is hit by J.J. Peterka and loses puck.
18:07 of 3rd period - Snap shot by Tyler Bertuzzi.
18:07 of 3rd period - Stopped by Carter Hart with a rebound.
18:41 of 3rd period - Claude Giroux is hit by Adam Larsson and loses puck.
Goals for this period are 1 for Predators vs 0 for Jets.
Shots for this period are 11 for Predators vs 9 for Jets.

Overtime #1


0:01 of 1st overtime period - Claude Giroux wins face-off versus Anze Kopitar in neutral zone.
0:17 of 1st overtime period - Minor Penalty to Steven Stamkos for Unsportsmanlike conduct.
0:18 of 1st overtime period - Anze Kopitar wins face-off versus Luke Glendening in Predators zone.
2:17 of 1st overtime period - Penalty to Steven Stamkos is over, Steven Stamkos is back on ice.
2:20 of 1st overtime period - Ryan McDonagh is hit by Connor Dewar and loses puck.
3:56 of 1st overtime period - Snap shot by Kirill Kaprizov.
3:56 of 1st overtime period - Stopped by Carter Hart with a rebound.
4:10 of 1st overtime period - Erik Gustafsson is hit by Josh Brown.
4:36 of 1st overtime period - Wrist shot by Kaapo Kakko.
4:36 of 1st overtime period - Shot Misses the Net.
5:09 of 1st overtime period - Josh Brown is hit by Mason McTavish and loses puck.
5:24 of 1st overtime period - Trent Frederic is hit by Nicolas Hague and loses puck.
5:36 of 1st overtime period - Off-side.
5:37 of 1st overtime period - Anze Kopitar wins face-off versus Claude Giroux in neutral zone.
5:39 of 1st overtime period - Off-side.
5:40 of 1st overtime period - Claude Giroux wins face-off versus Anze Kopitar in neutral zone.
6:59 of 1st overtime period - Wrist shot by J.J. Peterka.
6:59 of 1st overtime period - Stopped by Tristan Jarry without a rebound.
7:00 of 1st overtime period - Claude Giroux wins face-off versus Mark Scheifele in Jets zone.
7:11 of 1st overtime period - Snap shot by Claude Giroux.
7:11 of 1st overtime period - Shot Misses the Net.
7:13 of 1st overtime period - Snap shot by Steven Stamkos.
7:13 of 1st overtime period - Shot Blocked by Colin Miller.
7:56 of 1st overtime period - Snap shot by Dougie Hamilton.
7:56 of 1st overtime period - Deflect By Adam Erne.
7:56 of 1st overtime period - Stopped by Carter Hart with a rebound.
8:28 of 1st overtime period - Kirill Kaprizov is hit by J.J. Peterka and loses puck.
8:47 of 1st overtime period - Trent Frederic is hit by Blake Lizotte and loses puck.
9:09 of 1st overtime period - Snap shot by Connor Dewar.
9:09 of 1st overtime period - Shot Misses the Net.
9:11 of 1st overtime period - Slapshot by Kaapo Kakko.
9:11 of 1st overtime period - Shot Blocked by Luke Glendening.
9:30 of 1st overtime period - Off-side.
9:31 of 1st overtime period - Tomas Tatar wins face-off versus Steven Stamkos in neutral zone.
9:34 of 1st overtime period - Wrist shot by Mark Scheifele.
9:34 of 1st overtime period - Shot Blocked by Nicolas Hague.
9:36 of 1st overtime period - Wrist shot by Mark Scheifele.
9:36 of 1st overtime period - Stopped by Carter Hart with a rebound.
9:38 of 1st overtime period - Slapshot by Nate Schmidt.
9:38 of 1st overtime period - Deflect By Mark Scheifele.
9:38 of 1st overtime period - Shot Blocked by Cole Caufield.
9:38 of 1st overtime period - Puck is out of play.
9:39 of 1st overtime period - Anze Kopitar wins face-off versus Claude Giroux in Predators zone.
10:16 of 1st overtime period - Snap shot by Jaden Schwartz.
10:16 of 1st overtime period - Stopped by Tristan Jarry with a rebound.
10:36 of 1st overtime period - Wrist shot by Connor Dewar.
10:36 of 1st overtime period - Shot Misses the Net.
10:38 of 1st overtime period - Snap shot by Adam Larsson.
10:38 of 1st overtime period - Stopped by Carter Hart with a rebound.
10:40 of 1st overtime period - Wrist shot by Connor Dewar.
10:40 of 1st overtime period - Stopped by Carter Hart without a rebound.
10:41 of 1st overtime period - Anze Kopitar wins face-off versus Cole Caufield in Predators zone.
11:37 of 1st overtime period - Off-side.
11:38 of 1st overtime period - Claude Giroux wins face-off versus Anze Kopitar in neutral zone.
11:43 of 1st overtime period - Snap shot by Claude Giroux.
11:43 of 1st overtime period - Shot Blocked by Samuel Girard.
11:45 of 1st overtime period - Snap shot by Claude Giroux.
11:45 of 1st overtime period - Deflect By Steven Stamkos.
11:45 of 1st overtime period - Shot Misses the Net.
11:45 of 1st overtime period - Puck is out of play.
11:46 of 1st overtime period - Claude Giroux wins face-off versus Anze Kopitar in Jets zone.
12:12 of 1st overtime period - Icing by Steven Stamkos.
12:13 of 1st overtime period - Mark Scheifele wins face-off versus Claude Giroux in Predators zone.
12:49 of 1st overtime period - Minor Penalty to Erik Gustafsson for Hooking.
12:50 of 1st overtime period - Anze Kopitar wins face-off versus Luke Glendening in Predators zone.
12:54 of 1st overtime period - Snap shot by Lawson Crouse.
12:54 of 1st overtime period - Stopped by Carter Hart without a rebound.
12:55 of 1st overtime period - Luke Glendening wins face-off versus Anze Kopitar in Predators zone.
13:26 of 1st overtime period - Snap shot by Anze Kopitar.
13:26 of 1st overtime period - Deflect By Kirill Kaprizov.
13:26 of 1st overtime period - Stopped by Carter Hart with a rebound.
14:02 of 1st overtime period - Slapshot by Adam Larsson.
14:02 of 1st overtime period - Stopped by Carter Hart without a rebound.
14:03 of 1st overtime period - Claude Giroux wins face-off versus Mark Scheifele in Predators zone.
14:49 of 1st overtime period - Penalty to Erik Gustafsson is over, Erik Gustafsson is back on ice.
14:56 of 1st overtime period - Snap shot by Claude Giroux.
14:56 of 1st overtime period - Goal by Claude Giroux - Predators : 2 - Jets : 1.
Goals for this period are 1 for Predators vs 0 for Jets.
Shots for this period are 3 for Predators vs 8 for Jets.